 Dungeon Crawl Stone Soup version 0.31-a0-426-g3a05650e59 (webtiles) character file.

Game seed: 13607695881710867900

15 mopl the Slasher (level 2, 0/17 HPs)
             Began as a Tengu Warper on July 30, 2023.
             Slain by Natasha (4 damage)
             ... on level 2 of the Dungeon.
             The game lasted 00:00:41 (714 turns).

mopl the Slasher (Tengu Warper)                      Turns: 714, Time: 00:00:42

Health: 0/17       AC:  5    Str: 11    XL:     2   Next: 50%
Magic:  6/6        EV: 11    Int: 13    God:
Gold:   46         SH:  0    Dex: 19    Spells: 5/5 levels left

rFire   . . .        a - +0 falchion
rCold   . . .        (no shield)
rNeg    . . .        l - +0 ring mail
rPois   .            (helmet restricted)
rElec   .            (no cloak)
rCorr   .            (no gloves)
SInv    .            (boots unavailable)
Will    .....        (no amulet)
Stlth   +            e - +6 ring of dexterity
HPRegen 0.22/turn    (no ring)
MPRegen 0.10/turn

%: no passive effects
@: no status effects
A: beak, talons 3
a: no special abilities


You were on level 2 of the Dungeon.
You visited 1 branch of the dungeon, and saw 2 of its levels.

You collected 46 gold pieces.

Inventory:

Hand Weapons
 a - a +0 falchion (weapon)
 h - a +1 dagger of flaming
Missiles
 d - 7 darts of dispersal (quivered)
Armour
 l - a +0 ring mail (worn)
Jewellery
 e - a +6 ring of dexterity (left hand)
 m - a ring of willpower
Scrolls
 c - 2 scrolls of blinking
 i - 3 scrolls of revelation {unknown}
 k - a scroll of amnesia {unknown}
Potions
 b - a potion of resistance {unknown}
 f - a potion of magic {unknown}
 g - a potion of ambrosia {unknown}
 j - a potion of berserk rage {unknown}


   Skills:
 + Level 2.2 Fighting
 * Level 2.5 Long Blades
 - Level 1.0 Throwing
 + Level 1.4 Armour
 + Level 2.3 Dodging
 + Level 2.1 Spellcasting
 + Level 2.5 Translocations


You had 5 spell levels left.
You didn't know any spells.
Your spell library contained the following spells:

 Spells                   Type           Power      Damage    Failure   Level
 Blink                    Tloc           14%        N/A       32%         2
 Lesser Beckoning         Tloc           14%        N/A       32%         2
 Teleport Other           Tloc           7%         N/A       54%         3
 Vhi's Electric Charge    Tloc/Air       8%         N/A       71%         3
 Manifold Assault         Tloc           7%         N/A       91%         4


Dungeon Overview and Level Annotations

Branches:
Dungeon (2/15)

Altars:

Annotations:
D:2 Natasha


Innate Abilities, Weirdness & Mutations

You have a beak for a mouth.
You have claws for feet.


Message History

There are monsters nearby!
There are monsters nearby!
The dart slug launches a dart at you. The slug dart hits you.
The dart slug closely misses you.
You hit the dart slug. You claw the dart slug.
You kill the dart slug!
The ball python barely misses you. x2
The ball python bites you but does no damage.
The ball python completely misses you.
You slash the ball python!
You kill the ball python!
No target in view!
No target in view!
You see here a dart slug corpse.
HP restored.
You open the door.
Found an escape hatch in the floor.
Natasha and a quokka come into view.
Natasha is carrying a wand of flame.
Natasha hisses angrily.
Natasha zaps a wand.
The puff of flame misses you.
Natasha opens the door.
You hit the quokka.
You kill the quokka!
Natasha zaps a wand.
The puff of flame hits you!
Ouch! That really hurt!
You are too injured to fight recklessly!
You are too injured to fight recklessly!
You close the door, pushing everything out of the way.
Natasha breaks down the door.
Natasha claws you but does no damage.
There is a broken door here.
You slash Natasha! You peck Natasha.
Natasha is severely wounded.
Natasha zaps a wand.
The puff of flame hits you.
* * * LOW HITPOINT WARNING * * *
You barely miss Natasha.
Natasha is severely wounded.
Natasha claws you.
You die...

.............
#.######.....
#.##...#.#+##
##+##.##.#.#.# .
#...#.##.#.#.####
#...#.##.#.......
##...#......#.####
#.........#.#.#
#@#.......#.#.#
.......h..........#.#
..........####....#.#
..........# #....#.#
#######+#.# #....#.#
#.# ####.# #.# .# #..


You could see Natasha.

Vanquished Creatures
  A dart slug (D:2)
  3 ball pythons
  2 endoplasms (D:1)
  A giant cockroach (D:1)
  A goblin (D:1)
  A hobgoblin (D:1)
  A quokka (D:2)
  A rat (D:1)
11 creatures vanquished.

Notes
Turn   | Place    | Note
-------+----------+-------------------------------------------
     0 | D:1      | mopl the Tengu Warper began the quest for the Orb.
     0 | D:1      | Reached XP level 1. HP: 12/12 MP: 4/4
   229 | D:1      | Reached XP level 2. HP: 17/17 MP: 6/6
   706 | D:2      | Noticed Natasha
   714 | D:2      | Slain by Natasha

Illustrated notes

Levels and vault maps discovered:
D:1:      lightli_arrival_quake, layout_loops_ring
D:2:      layout_basic, st_stairs_12, uniq_sigmund, uniq_jessica, uniq_natasha

Action                     || total
---------------------------++-------
  Melee: Falchion          ||    22
         Kick              ||     4
         Peck              ||     3
 Armour: Leather armour    ||     4
         Ring mail         ||     2
  Dodge: Dodged            ||    19

Table legend: (Time is in decaauts)
 A = Elapsed time spent in this place.
 B = Non-inter-level travel time spent in this place.
 C = Inter-level travel time spent in this place.
 D = Time resting spent in this place.
 E = Time spent auto-exploring this place.
 F = Levels seen in this place.
 G = Mean time per level.
                   A        B        C        D        E       F      G
               +--------+--------+--------+--------+--------+-----+--------+
         Total |    716 |    673 |     43 |      0 |    585 |   2 |  358.0 |
       Dungeon |    716 |    673 |     43 |      0 |    585 |   2 |  358.0 |
               +--------+--------+--------+--------+--------+-----+--------+

Top non-repeatable levels by time:
     D:1: 667 daAuts
     D:2: 49 daAuts
